 Dungeon Crawl Stone Soup version 0.01-2199-g510b736d67 (webtiles) character file.

Game seed: 7625314679123193218, levelgen mode: deterministic

345 Lanoc the Whippersnapper (level 6, -1/42 HPs) Lignifite Demonspawn. Began on July 6, 2020. Splashed by a jelly's acid (6 damage) ... on level 2 of the Dungeon on July 26, 2020. The game lasted 00:02:14 (890 turns).

Lanoc the Whippersnapper (Lignifite Demonspawn)      Turns: 890, Time: 00:02:15

Health: -1/42      AC: -3    Str: 20    XL:     6 ^: 240
Magic:  0/10       EV: 18    Int: 13    God:
Gold:   51         SH:  3    Dex:  9    Spells: 8/9 levels left

rFire    x . .     Vision   .   a - +0 flail
rCold    . . .     Gourm    .   (weapon restricted)
rNeg     . . .     Faith    .   b - +0 robe
rPois    +         Spirit   +   (helmet restricted)
rElec    .         Reflect  .   (no cloak)
rCorr    .         Harm     .   (gloves unavailable)
MR       .....                  (boots unavailable)
Stlth    ++........             (no amulet)
HPRegen  0.24/turn              (no ring)
MPRegen  0.40/turn              (no ring)

@: corroded, quick
A: very small, rF-, deformed body, speed 1, poison resistance, slow metabolism
1, torment resistance, plant, magic shield, magic regeneration, rot immunity
a: no special abilities


You were on level 2 of the Dungeon.
You were not hungry.

You visited 1 branch of the dungeon, and saw 2 of its levels.

You collected 51 gold pieces.

Inventory:

Weapons
 a - a +0 flail (weapon)
Armour
 b - a +0 robe (worn)
Scrolls
 g - 2 scrolls of magic mapping
 h - a scroll of immolation
 i - a scroll of enchantment
 j - 2 scrolls of amnesia
Potions
 c - a potion of ambrosia
 e - a potion of cancellation
 f - a potion of haste
Comestibles
 d - 2 rations


   Skills:
 + Level 3.4 Fighting
 * Level 5.1 Whips & Flails
 + Level 3.8 Dodging
 - Level 1.7 Stealth
 - Level 2.1 Spellcasting
   Level 3.0 Invocations


You had 8 spell levels left.
You knew the following spells:

 Your Spells              Type           Power        Failure   Level  Hunger
a - Flame Tongue          Fire           1 (40)       26%         1    ##.....

Your spell library contained the following spells:

 Spells                   Type           Power        Failure   Level  Hunger
 Blink                    Tloc           N/A          36%         2    ###....
 Call Imp                 Summ           1 (100)      36%         2    ###....
 Slow                     Hex            1 (100)      36%         2    ###....
 Conjure Flame            Fire           1 (100)      58%         3    ####...
 Mephitic Cloud           Pois/Air       1 (100)      58%         3    ####...


Dungeon Overview and Level Annotations

Branches:
Dungeon (2/8)

Altars:


Innate Abilities, Weirdness & Mutations

Your woody flesh burns easily. (rF-)
A tangle of shorter branches protects your body from attack. (+3 SH)
You are very small and have problems with some larger weapons.
You are too small for most types of armour.
Armour fits poorly on your strangely shaped body.
You cover ground quickly.
Your system is resistant to poisons. (rPois)
You have a slow metabolism.
You are immune to unholy pain and torment.
You require very little carbon dioxide to survive.
When hurt, damage is shared between your health and your magic reserves.
You regenerate magic rapidly.
You are immune to rotting.


Message History

The bat misses you (0). The jelly completely misses you (0).
The adder bites you (3).
You hit the jelly (2).
Your hands burn!
* * * LOW HITPOINT WARNING * * *
The jelly is severely wounded. (4/16) HP You hit the jelly but do no damage.
Your hands burn!
* * * LOW HITPOINT WARNING * * *
The jelly is severely wounded. (4/16) HP The bat barely misses you (0).
The adder misses you (0). The jelly barely misses you (0).
The adder misses you (0). The jelly blocks your attack.
You hit the jelly but do no damage.
Your hands burn!
* * * LOW HITPOINT WARNING * * *
The jelly is severely wounded. (4/16) HP The bat misses you (0).
The jelly jiggles.
The jelly hits you (3).
* * * LOW HITPOINT WARNING * * *
You are splashed with acid (7)!
You die...

.≈.≈≈≈.##
#...≈.≈≈≈
#≈≈≈≈≈.#≈
#≈≈≈≈≈.P.
###≈≈≈≈≈.#.
####≈..≈≈≈≈≈..
##≈≈#...;≈≈≈≈#
#....≈#@≈≈≈≈≈#
#≈....SJb≈≈.P#
#.......≈≈≈P.#
#≈....≈.≈≈≈PP#
#≈....#..≈PPP#
##≈...#.≈≈PPP#
##......≈≈≈≈P
#....##.≈≈≈PP#
#≈≈...#≈≈≈≈PP#


You could see a jelly, an adder, a bat and a neutral slimehead (wandering)
(passive).

Vanquished Creatures
  4 cinder newts (D:1)
  A leopard gecko (D:1)
  2 goblins (D:1)
  2 hobgoblins (D:1)
  3 kobolds (D:1)
  5 giant cockroaches (D:1)
  2 oozes
  10 bats
  3 dart slugs (D:1)
  5 rats (D:1)
37 creatures vanquished.

Vanquished Creatures (others)
  13 withered plants (D:2)
13 creatures vanquished.

Grand Total: 50 creatures vanquished

Notes
Turn   | Place    | Note
-------+----------+-------------------------------------------
     0 | D:1      | Lanoc the Lignifite Demonspawn began the quest for the Orb.
     0 | D:1      | Reached XP level 1. HP: 12/12 MP: 4/4
    11 | D:1      | Noticed a cinder newt
    36 | D:1      | Gained mutation: When hurt, damage is shared between your
                  | health and your magic reserves. [demonic ancestry]
    36 | D:1      | Reached XP level 2. HP: 17/19 MP: 6/6
    43 | D:1      | Reached skill level 3 in Whips & Flails
    43 | D:1      | Reached XP level 3. HP: 22/25 MP: 7/7
   118 | D:1      | Reached XP level 4. HP: 29/30 MP: 8/8
   276 | D:1      | Reached skill level 4 in Whips & Flails
   304 | D:1      | Gained mutation: You regenerate magic rapidly. [demonic
                  | ancestry]
   304 | D:1      | Reached XP level 5. HP: 36/36 MP: 9/9
   433 | D:1      | Reached XP level 6. HP: 25/42 MP: 10/10
   550 | D:1      | Reached skill level 5 in Whips & Flails
   841 | D:2      | Upgraded the game from 0.01-2168-g1aba9f89b1 to
                  | 0.01-2199-g510b736d67
   890 | D:2      | Splashed by a jelly's acid

Levels and vault maps discovered:
D:1:      minmay_arrival_three_doors, layout_basic, minmay_checkerbox
D:2:      layout_sewer, lemuel_doored_altar, serial_shops, shop_fountains,
          uniq_purgy

Skill      XL: |  1  2  3  4  5  6 |
---------------+-------------------+-----
Whips & Flails | 3 4 5 |  5.1
Dodging        | 3 |  3.8
Fighting       | 3 |  3.4
Stealth        | |  1.7
Spellcasting   | |  2.1
Invocations    | |  3.0

Action                   |  1- 3 |  4- 6 || total
-------------------------+-------+-------++-------
Melee: Flail             |    37 |   102 ||   139
       Unarmed           |    30 |    73 ||   103
 Stab: Sleeping          |     1 |     1 ||     2
Armor: Robe              |     3 |    13 ||    16
Dodge: Dodged            |    68 |   133 ||   201
Block: Other             |     1 |    13 ||    14
